 Dungeon Sprint DCSS version 0.29.1-12-g30fa7ad0bf (webtiles) character file.

Game seed: 16525633663448338248

821 retardedninja the Protected (level 7, -4/73 HPs)
             Began as a Minotaur Fighter on Jan 3, 2023.
             Was a Follower of Trog.
             Slain by a shadow (13 damage)
             ... in the Dungeon (Sprint IX: "|||||||||||||||||||||||||||||").
             The game lasted 00:01:10 (407 turns).

retardedninja the Protected (Minotaur Fighter)       Turns: 407, Time: 00:01:11

Health: -4/73      AC: 20    Str: 22    XL:     7   Next: 63%
Magic:  6/6        EV:  8    Int:  5    God:    Trog [*.....]
Gold:   0          SH:  6    Dex: 13    Spells: 6/6 levels left

rFire   . . .      SeeInvis .   b - +3 war axe (vorpal)
rCold   . . .      Faith    .   c - +0 buckler
rNeg    . . .      Spirit   .   o - +0 plate armour
rPois   .          Reflect  .   (helmet restricted)
rElec   .          Harm     .   m - +0 cloak
rCorr   .          Rampage  .   n - +0 pair of gloves
Will    .....      NoTele   +   (no boots)
Stlth   ..........              (no amulet)
HPRegen 0.22/turn               q - +3 ring of dexterity
MPRegen 0.10/turn               p - +2 ring of protection

@: on berserk cooldown, slowed, very slow
A: horns 2, retaliatory headbutt
a: Renounce Religion, Berserk


You were in the Dungeon.
You worshipped Trog.
Trog was aware of your devotion.
You visited 1 branch

Inventory:

Hand Weapons
 b - a +3 vorpal war axe (weapon)
Armour
 c - a +0 buckler (worn)
 m - a +0 cloak (worn)
 n - a +0 pair of gloves (worn)
 o - a +0 plate armour (worn)
Jewellery
 p - a +2 ring of protection (right hand)
 q - a +3 ring of dexterity (left hand)
Wands
 l - a wand of roots (10)
Scrolls
 j - 2 scrolls of blinking
Potions
 d - a potion of might
 e - 5 potions of curing
 f - 3 potions of heal wounds
 g - a potion of haste
 h - 4 potions of magic
 k - a potion of invisibility


   Skills:
 + Level 10.8 Fighting
 + Level 8.9 Axes
 + Level 11.2 Armour
 + Level 3.3 Dodging
 + Level 10.8 Shields


You had 6 spell levels left.
You didn't know any spells.
Your spell library was empty.

Dungeon Overview and Level Annotations

Branches:
Dungeon (1/1)

Altars:
Cheibriados
Dithmenos
Elyvilon
Fedhas
Gozag
Hepliaklqana
Kikubaaqudgha
Makhleb
Nemelex Xobeh
Okawaru
Qazlal
Ru
Sif Muna
Trog
Uskayaw
Vehumet
Wu Jian
Xom
Yredelemnul
Zin
The Shining One
Jiyva
Lugonu


Innate Abilities, Weirdness & Mutations

You have a pair of horns on your head.
You reflexively headbutt those who attack you in melee.


Message History

You hit the orc warrior. Your headbutt misses the orc warrior.
The orc warrior is heavily wounded.
You block the orc warrior's attack.
Unknown command.
You slash the orc warrior!
The orc warrior is almost dead.
The orc warrior barely misses you. You furiously retaliate!
You headbutt the orc warrior!!
You feel the power of Trog in you as your rage grows.
You kill the orc warrior!
Trog accepts your kill.
Your Armour skill increases to level 11!
You barely miss the howler monkey.
The howler monkey hits you but does no damage.
Unknown command.
You closely miss the howler monkey.
Unknown command.
You slice the howler monkey!!
You kill the howler monkey!
Trog accepts your kill.
You can now go berserk at will.
The orc priest calls down the wrath of Beogh upon you.
Beogh smites you!
* * * LOW HITPOINT WARNING * * *
Unknown command.
Things that are here:
a +0 dire flail; a +0 arbalest; a +0 plate armour Unknown command.
You barely miss the orc priest.
The orc priest hits you but does no damage.
Unknown command.
You slash the orc priest!
You kill the orc priest!
Trog accepts your kill.
Unknown command.
You closely miss something. Your headbutt misses something.
You are no longer berserk.
You are exhausted.
You feel yourself slow down.
The shadow strikes at you from the darkness!
You die... ▓▓▓▓▓▓▓▓▓▓▓▓▓▓▓▓▓▓▓▓▓▓ ____'.?).....[')@)y..+ ▓▓▓▓▓▓▓▓▓▓▓▓▓▓▓▓▓▓▓▓▓▓

You could see a hornet.

Vanquished Creatures
  A two-headed ogre (D)
  An orc warrior (D)
  A howler monkey (D)
  An orc priest (D)
  A hound (D)
  An iguana (D)
  An adder (D)
  2 orcs (D)
  A bat (D)
  A hobgoblin (D)
  A quokka (D)
  2 ball pythons (D)
14 creatures vanquished.

Notes
Turn   | Place    | Note
-------+----------+-------------------------------------------
     0 | D        | retardedninja the Minotaur Fighter began the quest for the
                  | Orb.
     0 | D        | Reached XP level 1. HP: 19/19 MP: 0/0
    13 | D        | Reached skill level 4 in Armour
    29 | D        | Noticed an iguana
    29 | D        | Noticed a hound
    34 | D        | Reached XP level 2. HP: 23/28 MP: 1/1
    43 | D        | Reached skill level 5 in Fighting
    43 | D        | Reached skill level 5 in Armour
    43 | D        | Reached skill level 5 in Shields
    43 | D        | Reached XP level 3. HP: 19/36 MP: 2/2
    46 | D        | Reached skill level 6 in Armour
    46 | D        | Reached skill level 1 in Dodging
    46 | D        | Reached XP level 4. HP: 22/44 MP: 3/3
   303 | D        | Found a snail-covered altar of Cheibriados.
   303 | D        | Found a shadowy altar of Dithmenos.
   303 | D        | Found a white marble altar of Elyvilon.
   303 | D        | Found a blossoming altar of Fedhas.
   303 | D        | Found an opulent altar of Gozag.
   304 | D        | Found a hazy altar of Hepliaklqana.
   305 | D        | Found a viscous altar of Jiyva.
   306 | D        | Found an ancient bone altar of Kikubaaqudgha.
   307 | D        | Found a corrupted altar of Lugonu.
   308 | D        | Found a burning altar of Makhleb.
   309 | D        | Found a sparkling altar of Nemelex Xobeh.
   310 | D        | Found an iron altar of Okawaru.
   311 | D        | Found a stormy altar of Qazlal.
   312 | D        | Found a sacrificial altar of Ru.
   313 | D        | Found a shimmering blue altar of Sif Muna.
   314 | D        | Found a bloodstained altar of Trog.
   315 | D        | Found a hide-covered altar of Uskayaw.
   316 | D        | Found a radiant altar of Vehumet.
   317 | D        | Found an ornate altar of the Wu Jian Council.
   318 | D        | Found a shimmering altar of Xom.
   319 | D        | Found a basalt altar of Yredelemnul.
   320 | D        | Found a glowing silver altar of Zin.
   321 | D        | Found a glowing golden altar of the Shining One.
   322 | D        | Became a worshipper of Trog the Wrathful
   389 | D        | Noticed an orc warrior
   389 | D        | Noticed a two-headed ogre
   389 | D        | Noticed a shadow
   389 | D        | Noticed a hornet
   396 | D        | Killed a two-headed ogre
   397 | D        | Reached skill level 10 in Fighting
   397 | D        | Reached skill level 10 in Armour
   397 | D        | Reached skill level 10 in Shields
   397 | D        | Reached XP level 5. HP: 27/59 MP: 4/4
   397 | D        | Reached XP level 6. HP: 31/67 MP: 5/5
   397 | D        | Reached XP level 7. HP: 34/73 MP: 6/6
   401 | D        | Reached skill level 11 in Armour
   403 | D        | Reached * piety under Trog
   407 | D        | Slain by a shadow

Illustrated notes

Levels and vault maps discovered:
D:        linesprint [early_d, line_temple, items_1, d_10, items_2, lair_1,
          lair_end, items_3, orc_1, orc_end, items_4, d_15, swamp_1, shoals_1,
          snake_1, spider_1, d_20, vaults_1, items_5, swamp_end, shoals_end,
          snake_end, spider_end, vaults_end, d_27, items_6, zot_1, zot_end,
          crypt_end, forest_end, elf_end, slime_end, tomb_end, abyss_end,
          pan_hell_end]

Skill      XL: |  1  2  3  4  5  6  7 |
---------------+----------------------+-----
Fighting       | 4 5 6 10 | 10.8
Armour         | 4 5 6 10 11 | 11.2
Shields        | 4 5 6 10 | 10.8
Axes           | 3 4 8 |  8.9
Dodging        | 1 3 |  3.3

Action                   |  1- 3 |  4- 6 |  7- 9 || total
-------------------------+-------+-------+-------++-------
Melee: War axe           |    34 |     8 |     9 ||    51
       Headbutt          |     5 |     2 |       ||     7
  Use: Potion            |       |     1 |       ||     1
Armor: Scale mail        |    15 |       |       ||    15
       Plate armour      |       |     1 |     2 ||     3
Dodge: Dodged            |    20 |     1 |     1 ||    22
Block: Buckler           |    13 |     2 |     1 ||    16
